 Dungeon Crawl Stone Soup version 0.24.1-14-gf8d2b509d9 (webtiles) character file.

Game seed: 12281254508681046614, levelgen mode: deterministic

567 Mechanical the Chiller (level 7, -3/46 HPs)
             Began as a Barachi Ice Elementalist on Nov 1, 2022.
             Slain by a sky beast (6 damage)
             ... on level 5 of the Dungeon.
             The game lasted 00:27:36 (4916 turns).

Mechanical the Chiller (Barachi Ice Elementalist)   Turns: 4916, Time: 00:27:36

Health: -3/46      AC:  2    Str: 10    XL:     7   Next: 33%
Magic:  14/14      EV: 12    Int: 17    God:
Gold:   232        SH:  0    Dex: 12    Spells: 2/16 levels left

rFire    . . .     SeeInvis .   p - +2 whip (venom)
rCold    . . .     Gourm    .   (no shield)
rNeg     . . .     Faith    .   a - +0 robe
rPois    .         Spirit   .   (no helmet)
rElec    .         Reflect  .   (no cloak)
rCorr    .         Harm     .   (no gloves)
MR       .....                  (no boots)
Stlth    ++........             (no amulet)
HPRegen  0.15/turn              f - ring of stealth
MPRegen  0.14/turn              (no ring)

@: confused, slow
A: +LOS, swims, slowness 1, strong legs 1
a: Hop


You were on level 5 of the Dungeon.
You were hungry.

You visited 1 branch of the dungeon, and saw 5 of its levels.
You also visited: Ossuary.

You collected 232 gold pieces.

Inventory:

Hand Weapons
 l - a +2 dagger of electrocution
 p - a +2 whip of venom (weapon)
 v - a +1 whip of draining
Missiles
 d - 95 stones (quivered)
 m - 29 poisoned darts
Armour
 a - a +0 robe (worn)
Jewellery
 f - a ring of stealth (left hand)
Wands
 i - a wand of digging (11)
 s - a wand of disintegration (11)
Scrolls
 b - 3 scrolls of teleportation
 e - 2 scrolls of fog
 g - a scroll of random uselessness {unknown}
 j - a scroll of enchant armour {unknown}
 n - 4 scrolls of remove curse
 r - a scroll of amnesia {unknown}
Potions
 h - 2 potions of curing
 k - a potion of cancellation
 q - 2 potions of invisibility
Comestibles
 c - 9 rations


   Skills:
 - Level 2.1 Dodging
 - Level 1.7 Stealth
 + Level 5.0 Spellcasting
 + Level 4.1 Conjurations
 + Level 6.7 Ice Magic


You had 2 spell levels left.
You knew the following spells:

 Your Spells              Type           Power        Failure   Level  Hunger
a - Freeze                Ice            ####         1%          1    None
b - Throw Frost           Conj/Ice       ###...       2%          2    #......
c - Ozocubu's Armour      Chrm/Ice       ###.....     11%         3    ###....
d - Throw Icicle          Conj/Ice       ###.....     16%         4    ####...
e - Summon Ice Beast      Ice/Summ       ###.....     34%         4    ####...

Your spell library contained the following spells:

 Spells                   Type           Power        Failure   Level  Hunger
 Confusing Touch          Hex            #.....       14%         1    None
 Confuse                  Hex            #.......     38%         3    ###....
 Gell's Gravitas          Tloc           #.........   38%         3    ###....
 Metabolic Englaciation   Hex/Ice        ###.......   69%         5    ######.
 Petrify                  Tmut/Erth      #.......     80%         4    ####...
 Yara's Violent Unravell  Hex/Tmut       #.........   98%         5    ######.


Dungeon Overview and Level Annotations

Branches:
Dungeon (5/15)            Ossuary (visited)
 Temple: D:4-7

Altars:
Hepliaklqana

Annotations:
D:5 3 runed translucent doors, exclusion: 3 doors, Djon's ghost, novice GnWn; Menkaure


Innate Abilities, Weirdness & Mutations

Shadows flee at your approach. (+LOS)
You can swim through water.
You cover ground slowly.
You can hop short distances.


Message History

Confirm with . or Enter, or press ? or * to list all spells.
Aiming: Freeze (safe; 1% risk of failure)
Press: ? - help, Shift-Dir - straight line You freeze something.
Something hits you.
* * * LOW HITPOINT WARNING * * *
Something shocks you.
* * * LOW HITPOINT WARNING * * *
You feel better. Something hits you.
* * * LOW HITPOINT WARNING * * *
Something shocks you.
* * * LOW HITPOINT WARNING * * *
You are confused.
You feel invigorated. Something hits you.
* * * LOW HITPOINT WARNING * * *
Something shocks you.
* * * LOW HITPOINT WARNING * * *
Something hits you.
* * * LOW HITPOINT WARNING * * *
Something shocks you.
You die...

....####'#......#
.M..............# #.# #.# #Y#
#.# #+# #.# ######.#
###.#########......###
#....≈{@.............#
######.#.#.#.#########........#
.......#.#.#.# #.#......#
######...#.#.# #.#......# ..#
#..#.#.# #.#......# ..# ..#.#.#
#.#......# ..### #.#.#.#
#.#......# #...## #...#.#
#.####.##### ###..#
#.....#########.# #.##...


There were no monsters in sight!

Vanquished Creatures
  A scorpion (D:4)
  A hound (D:4)
  3 orc priests
  A bullfrog skeleton (D:4)
  2 orc wizards
  2 worker ants (D:4)
  10 adders
  3 gnolls
  A howler monkey skeleton (D:4)
  A shadow imp (D:4)
  An ooze (D:1)
  An adder zombie (D:5)
  An adder skeleton (D:4)
  A worm (D:2)
  4 dart slugs
  A leopard gecko (D:1)
  6 orcs
  2 ball pythons (D:2)
  10 bats
  7 giant cockroaches
  9 goblins
  10 hobgoblins
  12 jackals
  5 quokkas
  5 frilled lizards
  A hobgoblin zombie (Ossuary)
  13 kobolds
  An orc zombie (Ossuary)
  A quokka skeleton (D:4)
  6 rats
122 creatures vanquished.

Vanquished Creatures (others)
  An orc zombie (Ossuary)
1 creature vanquished.

Grand Total: 123 creatures vanquished

Notes
Turn   | Place    | Note
-------+----------+-------------------------------------------
     0 | D:1      | Mechanical the Barachi Ice Elementalist began the quest for
                  | the Orb.
     0 | D:1      | Reached XP level 1. HP: 13/13 MP: 3/3
    33 | D:1      | Reached skill level 4 in Ice Magic
   111 | D:1      | Reached XP level 2. HP: 19/19 MP: 3/5
   115 | D:1      | Learned a level 2 spell: Throw Frost
   424 | D:1      | Reached XP level 3. HP: 12/24 MP: 2/6
  1363 | D:1      | Learned a level 3 spell: Ozocubu's Armour
  1409 | D:2      | Reached XP level 4. HP: 30/30 MP: 6/8
  1487 | D:2      | Reached skill level 5 in Ice Magic
  1812 | D:2      | Reached XP level 5. HP: 35/35 MP: 6/10
  1882 | D:2      | Learned a level 4 spell: Throw Icicle
  2824 | D:3      | Reached XP level 6. HP: 25/41 MP: 9/12
  2860 | D:2      | Found a hazy altar of Hepliaklqana.
  3051 | D:4      | Reached skill level 6 in Ice Magic
  3073 | D:4      | Found a sand-covered staircase.
  3161 | Ossuary  | Entered an ossuary
  3605 | D:4      | Reached XP level 7. HP: 35/46 MP: 4/14
  4002 | D:4      | Learned a level 4 spell: Summon Ice Beast
  4034 | D:5      | Entered Level 5 of the Dungeon
  4459 | D:4      | Reached skill level 5 in Spellcasting
  4576 | D:5      | Found a runed translucent gate.
  4577 | D:5      | Found a runed translucent gate.
  4577 | D:5      | Found a runed translucent gate.
  4608 | D:5      | Noticed Djon's ghost (novice GnWn)
  4891 | D:5      | Noticed Menkaure
  4915 | D:5      | HP: 1/46 [something (6)]
  4916 | D:5      | Slain by a sky beast

Levels and vault maps discovered:
D:1:      ncdulo_lavacross, layout_basic
D:2:      lemuel_upstairs_altar, layout_rooms, grunt_ministairs_9
D:3:      layout_loops_cross
D:4:      layout_gridville, nicolae_ossuary_entry_false_entrances
D:5:      layout_basic, first_ration, gammafunk_ghost_icy,
          hangedman_abyss_or_decor_stabs, uniq_menkaure

Skill      XL: |  1  2  3  4  5  6  7 |
---------------+----------------------+-----
Ice Magic      | 4 5 6 |  6.7
Spellcasting   | 3 4 5 |  5.0
Conjurations   | 2 3 4 |  4.1
Dodging        | |  2.1
Stealth        | |  1.7

Action                   |  1- 3 |  4- 6 |  7- 9 || total
-------------------------+-------+-------+-------++-------
Melee: Club              |     8 |       |       ||     8
       Short sword       |       |    17 |       ||    17
       Dagger            |       |    73 |    22 ||    95
       Whip              |       |       |     3 ||     3
Throw: Stone             |       |     4 |     2 ||     6
 Cast: Freeze            |    56 |    69 |    22 ||   147
       Throw Frost       |     5 |     6 |       ||    11
 Abil: Hop               |       |     2 |       ||     2
  Use: Scroll            |       |     5 |     4 ||     9
       Potion            |       |     2 |     2 ||     4
 Stab: Sleeping          |     2 |     8 |     3 ||    13
  Eat: Chunk             |     2 |     8 |     4 ||    14
Armor: Robe              |    13 |    17 |     6 ||    36
Dodge: Dodged            |    29 |    90 |    33 ||   152
